MLB
NEW YORK YANKEES @ DETROIT TIGERS
04/22/2020
 
TOP OF THE 1ST
New York Yankees batting - Pitching for Detroit Tigers : RHP Joe Ross
Pitching: RHP Joe Ross
Batting: LHB Tony Kemp 0-0: Ball
1-0: Ball
2-0: Ball
3-0: Called Strike
3-1: Ground out 6-3 (Groundball, 6, EV 101.3 MPH)
Batting: LHB Charlie Blackmon 0-0: Ball
1-0: Ground out U3 (Groundball, 3, EV 105.0 MPH)
Batting: RHB Paul Goldschmidt 0-0: Ball
1-0: Called Strike
1-1: Ground out 6-3 (Groundball, 6, EV 81.9 MPH)
Top of the 1st over - 0 runs, 0 hits, 0 errors, 0 left on base; New York 0 - Detroit 0
BOTTOM OF THE 1ST
Detroit Tigers batting - Pitching for New York Yankees : LHP John Means
Pitching: LHP John Means
Batting: RHB Jean Segura 0-0: Called Strike
0-1: SINGLE (Line Drive, 6MD, EV 97.5 MPH)
Batting: RHB Starling Marte 0-0: Fly out, F9 (Flyball, 9, EV 72.5 MPH)
Batting: LHB Corey Dickerson 0-0: Ball
1-0: Called Strike
Jean Segura steals 2nd base
1-1: Ball
2-1: Ball
3-1: DOUBLE (Groundball, 5L, EV 105.0 MPH)
Jean Segura scores
Batting: RHB George Springer 0-0: Ball
1-0: Ground out 6-3 (Groundball, 6S, EV 70.6 MPH)
Corey Dickerson to third
Batting: RHB Jose Abreu 0-0: Ground out 5-3 (Groundball, 5, EV 86.9 MPH)
Bottom of the 1st over - 1 run, 2 hits, 0 errors, 1 left on base; New York 0 - Detroit 1
TOP OF THE 2ND
New York Yankees batting - Pitching for Detroit Tigers : RHP Joe Ross
Batting: LHB Willie Calhoun 0-0: Ball
1-0: Foul Ball, location: 2F
1-1: Ball
2-1: Ball
3-1: Base on Balls
Batting: RHB Eloy Jimenez 0-0: Foul Ball, location: 2F
0-1: Ball
1-1: Fly out, F9 (Flyball, 89S, EV 82.5 MPH)
Batting: RHB DJ LeMahieu 0-0: Fly out, F6 (Popup, 6M, EV 69.4 MPH)
Batting: RHB Garrett Hampson 0-0: Ball
1-0: Ball
2-0: Called Strike
2-1: Called Strike
2-2: Ball
3-2: Foul Ball, location: 2F
3-2: Strikes out swinging
Top of the 2nd over - 0 runs, 0 hits, 0 errors, 1 left on base; New York 0 - Detroit 1
BOTTOM OF THE 2ND
Detroit Tigers batting - Pitching for New York Yankees : LHP John Means
Batting: RHB Khris Davis 0-0: Ball
1-0: Foul Ball, location: 2F
1-1: Foul Ball, location: 2F
1-2: Ground out 4-3 (Groundball, 4, EV 83.8 MPH)
Batting: RHB J.T. Realmuto 0-0: Called Strike
0-1: Ball
1-1: Swinging Strike
1-2: SOLO HOME RUN (Flyball, 7D, EV 95.6 MPH), Distance : 393 ft
Batting: RHB J.D. Davis 0-0: Called Strike
0-1: Swinging Strike
0-2: Ball
1-2: Foul Ball, location: 2F
1-2: Ball
2-2: SINGLE (Line Drive, 56, EV 102.5 MPH)
Batting: RHB Nick Madrigal 0-0: Called Strike
0-1: 2-RUN HOME RUN (Flyball, 7D, EV 107.5 MPH), Distance : 399 ft
Batting: RHB Jean Segura 0-0: Foul Ball, location: 2F
0-1: Called Strike
0-2: Fly out, F8 (Flyball, 8RM, EV 90.6 MPH)
Batting: RHB Starling Marte 0-0: Ball
1-0: Ball
2-0: Called Strike
2-1: Fly out, F8 (Line Drive, 8RD, EV 95.6 MPH)
Bottom of the 2nd over - 3 runs, 3 hits, 0 errors, 0 left on base; New York 0 - Detroit 4
TOP OF THE 3RD
New York Yankees batting - Pitching for Detroit Tigers : RHP Joe Ross
Batting: LHB Omar Narvaez 0-0: Foul Ball, location: 2F
0-1: Ball
1-1: Ball
2-1: Foul Ball, location: 2F
2-2: Foul Ball, location: 2F
2-2: Ball
3-2: Strikes out looking
Batting: LHB Odubel Herrera 0-0: Ball
1-0: Ball
2-0: Called Strike
2-1: Ball
3-1: Foul Ball, location: 2F
3-2: Base on Balls
Batting: LHB Tony Kemp 0-0: Ball
1-0: Swinging Strike
1-1: Foul Ball, location: 2F
1-2: Grounds into double play, 6-4-3 (Groundball, 6, EV 80.6 MPH)
Top of the 3rd over - 0 runs, 0 hits, 0 errors, 0 left on base; New York 0 - Detroit 4
BOTTOM OF THE 3RD
Detroit Tigers batting - Pitching for New York Yankees : LHP John Means
Batting: LHB Corey Dickerson 0-0: Ball
1-0: Ball
2-0: Ball
3-0: SINGLE (Line Drive, 3L, EV 101.3 MPH)
Batting: RHB George Springer 0-0: Fly out, F3 (Popup, 3F, EV 69.4 MPH)
Batting: RHB Jose Abreu 0-0: Ball
1-0: Fly out, F8 (Flyball, 8RXD, EV 91.3 MPH)
Batting: RHB Khris Davis 0-0: Ball
1-0: Swinging Strike
1-1: Foul Ball, location: 2F
1-2: Ball
2-2: Fly out, F7 (Flyball, 78XD, EV 75.6 MPH)
Bottom of the 3rd over - 0 runs, 1 hit, 0 errors, 1 left on base; New York 0 - Detroit 4
TOP OF THE 4TH
New York Yankees batting - Pitching for Detroit Tigers : RHP Joe Ross
Batting: LHB Charlie Blackmon 0-0: Ball
1-0: Ball
2-0: SINGLE (Line Drive, 34D, EV 97.5 MPH)
Batting: RHB Paul Goldschmidt 0-0: Called Strike
0-1: Foul Ball, location: 2F
0-2: Fly out, F8 (Flyball, 78D, EV 100.6 MPH)
Batting: LHB Willie Calhoun 0-0: Called Strike
0-1: Foul Ball, location: 2F
0-2: Ball
1-2: Fly out, F8 (Flyball, 8LXD, EV 91.3 MPH)
Batting: RHB Eloy Jimenez 0-0: Ball
1-0: Ball
2-0: SINGLE (Line Drive, 7S, EV 106.9 MPH)
Charlie Blackmon to second
Batting: RHB DJ LeMahieu 0-0: Ball
1-0: Called Strike
1-1: Swinging Strike
1-2: Ball
2-2: Ball
3-2: Foul Ball, location: 2F
3-2: Base on Balls
Charlie Blackmon to third
Eloy Jimenez to second
Batting: RHB Garrett Hampson 0-0: Called Strike
0-1: Ball
1-1: Ball
2-1: Ball
Wild Pitch!
Charlie Blackmon scores
Eloy Jimenez to third
DJ LeMahieu to second
3-1: Called Strike
3-2: Foul Ball, location: 2F
3-2: Strikes out swinging
Top of the 4th over - 1 run, 2 hits, 0 errors, 2 left on base; New York 1 - Detroit 4
BOTTOM OF THE 4TH
Detroit Tigers batting - Pitching for New York Yankees : LHP John Means
Batting: RHB J.T. Realmuto 0-0: Ball
1-0: Ball
2-0: Fly out, F8 (Flyball, 8LXD, EV 89.4 MPH)
Batting: RHB J.D. Davis 0-0: Ball
1-0: Swinging Strike
1-1: Swinging Strike
1-2: Strikes out looking
Batting: RHB Nick Madrigal 0-0: Ball
1-0: Fly out, F3 (Popup, 23F, EV 83.1 MPH)
Bottom of the 4th over - 0 runs, 0 hits, 0 errors, 0 left on base; New York 1 - Detroit 4
TOP OF THE 5TH
New York Yankees batting - Pitching for Detroit Tigers : RHP Joe Ross
Batting: LHB Omar Narvaez 0-0: Called Strike
0-1: SINGLE (Groundball, 3D, EV 106.3 MPH)
Batting: LHB Odubel Herrera 0-0: Ball
1-0: Swinging Strike
1-1: Grounds into double play, 6-4-3 (Groundball, 6, EV 88.8 MPH)
Batting: LHB Tony Kemp 0-0: Swinging Strike
0-1: Ground out 6-3 (Groundball, 6S, EV 67.5 MPH)
Top of the 5th over - 0 runs, 1 hit, 0 errors, 0 left on base; New York 1 - Detroit 4
BOTTOM OF THE 5TH
Detroit Tigers batting - Pitching for New York Yankees : LHP John Means
Batting: RHB Jean Segura 0-0: Ball
1-0: Swinging Strike
1-1: DOUBLE (Line Drive, 3D, EV 101.3 MPH)
Batting: RHB Starling Marte 0-0: Ball
1-0: Foul Ball, location: 2F
1-1: Ground out 5-3 (Groundball, 56S, EV 86.3 MPH)
Batting: LHB Corey Dickerson 0-0: Ball
1-0: Swinging Strike
1-1: Called Strike
1-2: Fly out, F9 (Flyball, 89S, EV 79.4 MPH)
Batting: RHB George Springer 0-0: Called Strike
0-1: Ball
1-1: Foul Ball, location: 2F
1-2: Foul Ball, location: 2F
1-2: Ball
2-2: Ball
3-2: Foul Ball, location: 2F
3-2: Strikes out swinging
Bottom of the 5th over - 0 runs, 1 hit, 0 errors, 1 left on base; New York 1 - Detroit 4
TOP OF THE 6TH
New York Yankees batting - Pitching for Detroit Tigers : RHP Joe Ross
Batting: LHB Charlie Blackmon 0-0: Ball
1-0: Ball
2-0: Called Strike
2-1: Called Strike
2-2: Fly out, F7 (Line Drive, 7D, EV 106.9 MPH)
Batting: RHB Paul Goldschmidt 0-0: Ball
1-0: Ball
2-0: SINGLE (Groundball, 25, EV 68.8 MPH) (infield hit)
Batting: LHB Willie Calhoun 0-0: Called Strike
0-1: Fly out, F9 (Flyball, 9S, EV 92.5 MPH)
Batting: RHB Eloy Jimenez 0-0: Ball
1-0: Called Strike
1-1: SINGLE (Flyball, 56D, EV 91.9 MPH)
Paul Goldschmidt to second
Batting: RHB DJ LeMahieu 0-0: Ball
1-0: Foul Ball, location: 2F
1-1: Swinging Strike
1-2: Foul Ball, location: 2F
1-2: Strikes out looking
Top of the 6th over - 0 runs, 2 hits, 0 errors, 2 left on base; New York 1 - Detroit 4
BOTTOM OF THE 6TH
Detroit Tigers batting - Pitching for New York Yankees : LHP John Means
Batting: RHB Jose Abreu 0-0: Fly out, F8 (Flyball, 78S, EV 82.5 MPH)
Batting: RHB Khris Davis 0-0: Ball
1-0: Ball
2-0: Ball
3-0: Fly out, F8 (Flyball, 8LXD, EV 78.1 MPH)
Batting: RHB J.T. Realmuto 0-0: SINGLE (Groundball, 56D, EV 96.3 MPH)
Batting: RHB J.D. Davis 0-0: Called Strike
0-1: Ball
1-1: Foul Ball, location: 2F
1-2: Foul Ball, location: 2F
1-2: Ball
2-2: Foul Ball, location: 2F
2-2: Strikes out swinging
Bottom of the 6th over - 0 runs, 1 hit, 0 errors, 1 left on base; New York 1 - Detroit 4
TOP OF THE 7TH
New York Yankees batting - Pitching for Detroit Tigers : RHP Joe Ross
Pitching: RHP Kyle Gibson
Batting: RHB Garrett Hampson 0-0: Ball
1-0: Ball
2-0: Foul Ball, location: 2F
2-1: Called Strike
2-2: Ball
3-2: Fly out, F9 (Flyball, 9LS, EV 90.0 MPH)
Batting: LHB Omar Narvaez 0-0: Called Strike
0-1: Foul Ball, location: 2F
0-2: Foul Ball, location: 2F
0-2: Strikes out looking
Batting: LHB Odubel Herrera 0-0: Called Strike
0-1: Foul Ball, location: 2F
0-2: Ball
1-2: Strikes out swinging
Top of the 7th over - 0 runs, 0 hits, 0 errors, 0 left on base; New York 1 - Detroit 4
BOTTOM OF THE 7TH
Detroit Tigers batting - Pitching for New York Yankees : LHP John Means
Pitching: RHP Shane Greene
Batting: RHB Nick Madrigal 0-0: Called Strike
0-1: Ball
1-1: Swinging Strike
1-2: Ball
2-2: Ball
3-2: Foul Ball, location: 2F
3-2: Foul Ball, location: 2F
3-2: Foul Ball, location: 2F
3-2: Foul Ball, location: 2F
3-2: Base on Balls
Batting: RHB Jean Segura 0-0: Ball
1-0: Called Strike
1-1: Ball
2-1: Ball
3-1: Swinging Strike
3-2: Base on Balls
Nick Madrigal to second
Batting: RHB Starling Marte 0-0: Foul Ball, location: 2F
0-1: Foul Ball, location: 2F
0-2: Strikes out swinging
Batting: LHB Corey Dickerson 0-0: Fly out, F8 (Line Drive, 8LM, EV 105.0 MPH)
Batting: RHB George Springer 0-0: Ball
1-0: Fly out, F6 (Popup, 6M, EV 60.6 MPH)
Bottom of the 7th over - 0 runs, 0 hits, 0 errors, 2 left on base; New York 1 - Detroit 4
TOP OF THE 8TH
New York Yankees batting - Pitching for Detroit Tigers : RHP Kyle Gibson
Pitching: LHP Zack Britton
Batting: LHB Tony Kemp 0-0: Ball
1-0: Called Strike
1-1: Called Strike
1-2: Ball
2-2: Strikes out looking
Batting: LHB Charlie Blackmon 0-0: Foul Ball, location: 2F
0-1: Foul Ball, location: 2F
0-2: Strikes out swinging
Batting: RHB Paul Goldschmidt 0-0: Ball
1-0: Called Strike
1-1: Swinging Strike
1-2: Ball
2-2: Ball
3-2: Foul Ball, location: 2F
3-2: Foul Ball, location: 2F
3-2: Strikes out swinging
Top of the 8th over - 0 runs, 0 hits, 0 errors, 0 left on base; New York 1 - Detroit 4
BOTTOM OF THE 8TH
Detroit Tigers batting - Pitching for New York Yankees : RHP Shane Greene
Pitching: LHP Tyler Olson
Batting: RHB Jose Abreu 0-0: Ball
1-0: Ball
2-0: Ball
3-0: Called Strike
3-1: Base on Balls
Batting: RHB Khris Davis 0-0: Ball
1-0: Ball
2-0: Foul Ball, location: 2F
2-1: DOUBLE (Line Drive, 89D, EV 113.8 MPH)
Jose Abreu to third
Batting: RHB J.T. Realmuto 0-0: Ball
1-0: Called Strike
1-1: Ball
2-1: 3-RUN HOME RUN (Flyball, 7LD, EV 89.4 MPH), Distance : 382 ft
Pitching: LHP Alex Vesia
Batting: RHB J.D. Davis 0-0: Ball
1-0: Fly out, F8 (Flyball, 8RXD, EV 101.3 MPH)
Batting: RHB Nick Madrigal 0-0: Ground out 6-3 (Groundball, 6, EV 80.0 MPH)
Batting: RHB Jean Segura 0-0: SINGLE (Line Drive, 4MD, EV 96.9 MPH)
Batting: RHB Starling Marte 0-0: Foul Ball, location: 2F
0-1: Foul Ball, location: 2F
0-2: Ball
1-2: Strikes out swinging
Bottom of the 8th over - 3 runs, 3 hits, 0 errors, 1 left on base; New York 1 - Detroit 7
TOP OF THE 9TH
New York Yankees batting - Pitching for Detroit Tigers : LHP Zack Britton
Batting: LHB Willie Calhoun 0-0: Foul Ball, location: 2F
0-1: SINGLE (Groundball, 34D, EV 94.4 MPH)
Batting: RHB Eloy Jimenez 0-0: Ball
1-0: Ball
2-0: Ball
3-0: Base on Balls
Willie Calhoun to second
Batting: RHB DJ LeMahieu 0-0: Called Strike
0-1: Foul Ball, location: 2F
0-2: Foul Ball, location: 2F
0-2: Foul Ball, location: 2F
0-2: Foul Ball, location: 2F
0-2: Ball
1-2: Grounds into double play, 6-4-3 (Groundball, 6, EV 104.4 MPH)
Willie Calhoun to third
Batting: RHB Garrett Hampson 0-0: Ground out 5-3 (Groundball, 56S, EV 84.4 MPH)
Top of the 9th over - 0 runs, 1 hit, 0 errors, 1 left on base; New York 1 - Detroit 7
Thursday, June 11th, 2020 - OOTP Baseball 21.3 Build 54